 Dungeon Crawl Stone Soup version 0.23-a0-516-g0f8c2457b6 (webtiles) character file.

11 Banto the Vexing (level 2, -2/11 HPs)
             Began as a Felid Enchanter on Dec 5, 2018.
             Slain by a hobgoblin
             ... wielding a +0 club
              (5 damage)
             ... on level 2 of the Dungeon.
             The game lasted 00:00:56 (646 turns).

Banto the Vexing (Felid Enchanter)                   Turns: 646, Time: 00:00:57

Health: -2/11      AC:  1    Str:  4    XL:     2   Next: 17%
Magic:  3/6        EV: 18    Int: 16    God:
Gold:   0          SH:  0    Dex: 16    Spells: 2/5 levels left
                                        Lives:  0   Deaths: 0

rFire    . . .     SeeInvis +     - Unarmed
rCold    . . .     Gourm    .   (shield unavailable)
rNeg     . . .     Faith    .   (armour unavailable)
rPois    .         Spirit   .   (helmet unavailable)
rElec    .         Reflect  .   (cloak unavailable)
rCorr    .         Harm     .   (gloves unavailable)
MR       .....                  (boots unavailable)
Stlth    +++.......             (no amulet)
HPRegen  0.03/turn              (no ring)
MPRegen  0.10/turn              (no ring)

@: quick
A: very small, no armour, no weapons or thrown items, stealth, claws 1, fangs 3,
see invisible, carnivore, speed 1, shaggy fur 1, slow metabolism 1, sharp paws
a: no special abilities


You were on level 2 of the Dungeon.
You were not hungry.

You visited 1 branch of the dungeon, and saw 2 of its levels.

Inventory:

Potions
 a - a potion of brilliance {unknown}
Comestibles
 b - a ration


   Skills:
 + Level 3.0 Dodging
 + Level 4.2 Stealth
 * Level 1.6 Unarmed Combat
 - Level 2.0 Spellcasting
 + Level 4.6 Hexes


You had 2 spell levels left.
You knew the following spells:

 Your Spells              Type           Power        Failure   Level  Hunger
a - Corona                Hex            ###....      3%          1    #......
b - Ensorcelled Hibernat  Hex/Ice        #.....       12%         2    ###....

Your spell library contained the following spells:

 Spells                   Type           Power        Failure   Level  Hunger
 Confuse                  Hex            ###.....     10%         3    ###....
 Tukima's Dance           Hex            ###.....     10%         3    ###....
 Dazzling Spray           Conj/Hex       #.....       24%         3    ###....


Dungeon Overview and Level Annotations

Branches:
Dungeon (1/15)

Altars:


Innate Abilities, Weirdness & Mutations

You cannot wear armour.
You are incapable of wielding weapons or throwing items.
Your paws allow you to move quietly. (Stealth)
You have sharp claws.
You have razor-sharp teeth.
You have supernaturally acute eyesight. (SInv)
You are carnivorous and can eat meat at any time.
You cover ground quickly.
You are covered in fur. (AC +1)
You have a slow metabolism.
Your sharp claws are effective at attacking unaware monsters.


Message History

You now have 2/6 mp.
Casting: Ensorcelled Hibernation (safe; 12% risk of failure)
Confirm with . or Enter, or press ? or * to list all spells.
Aiming: Ensorcelled Hibernation (safe; 12% risk of failure)
Press: ? - help, Shift-Dir - straight line, f/p - adder
Aim: an adder (chance to defeat MR: 50%)
The adder resists with some effort.
The adder bites you.
* * * LOW HITPOINT WARNING * * *
You take 3 damage, and have 2/11 hp.
MASSIVE DAMAGE!!
You now have 0/6 mp.
Found 11 sling bullets.
A hobgoblin comes into view.
Found 15 arrows and a ration.
The hobgoblin closely misses you.
Found a robe.
You see here a robe.
A hobgoblin comes into view. It is wielding a +0 club.
Found a leather armour.
The hobgoblin shouts!
The hobgoblin hits you with a +0 club.
You die...

#........#
#......#
####.#
#....# ##
#.#### #.#
#.# ##..#
#.# #####
##...# #.#
#.....##...#
##.#
#......@..#
#..#
#.....g##.#
#.## #.[....
#.# #.#
#.....# #g#
##.# #.....
#S# #..#
#..... #.#
#.## #....
#.# #.#
##..## ##[#
#.##....#
#..#


You could see a hobgoblin.

Vanquished Creatures
  A dart slug (D:1)
  A goblin (D:1)
  4 jackals (D:2)
  A bat (D:1)
  A frilled lizard (D:1)
  A kobold (D:1)
9 creatures vanquished.

Notes
Turn   | Place    | Note
-------+----------+-------------------------------------------
     0 | D:1      | Banto the Felid Enchanter began the quest for the Orb.
     0 | D:1      | Reached XP level 1. HP: 7/7 MP: 4/4
   380 | D:1      | You fall through a shaft!
   387 | D:2      | Reached XP level 2. HP: 9/11 MP: 6/6
   603 | D:2      | Learned a level 2 spell: Ensorcelled Hibernation
   646 | D:2      | Slain by a hobgoblin

Vault maps used:
D:1:      dpeg_arrival_tiny_d, hangedman_decor_push, minmay_heptomino_w4

Skill      XL: |  1  2 |
---------------+-------+-----
Dodging        | 3 |  3.0
Stealth        | |  4.2
Unarmed Combat | |  1.6
Spellcasting   | |  2.0
Hexes          | |  4.6

Action                   || total
-------------------------++-------
Melee: Unarmed           ||    30
       Bite              ||     4
 Cast: Ensorcelled Hiber ||     3
 Stab: Sleeping          ||     5
  Eat: Chunk             ||     2
Dodge: Dodged            ||    33

Table legend:
 A = Non-vault XP
 B = Vault XP
 C = Vault XP percentage of total XP
 D = Non-vault monster count
 E = Vault monster count
 F = Vault count percentage of total count
                 A         B        C        D         E       F
            +---------+---------+-------+---------+---------+-------
      Total |      17 |       0 |   0.0 |       9 |       0 |   0.0
            +---------+---------+-------+---------+---------+-------
        D:1 |       9 |       0 |   0.0 |       5 |       0 |   0.0
        D:2 |       8 |       0 |   0.0 |       4 |       0 |   0.0
            +---------+---------+-------+---------+---------+-------

Table legend:
 A = Turns spent in this place as a percentage of turns spent in the entire game.
 B = Non-inter-level travel turns spent in this place as a percentage of non-inter-level travel turns spent in the entire game.
 C = Inter-level travel turns spent in this place as a percentage of turns spent in this place.
 D = Turns resting spent in this place as a percentage of non-inter-level travel turns spent in this place.
 E = Turns spent auto-exploring this place as a percentage of non-inter-level travel turns spent in this place.
 F = Non-inter-level travel turns spent in this place divided by the number of levels of this place that you've seen.
                   A       B       C       D       E      F
               +-------+-------+-------+-------+-------+----------------------
         Total | 100.0 | 100.0 |   0.0 |  68.1 |   4.2 | 323.0
       Dungeon | 100.0 | 100.0 |   0.0 |  68.1 |   4.2 | 323.0
               +-------+-------+-------+-------+-------+----------------------

Table legend:
 A = Kills in this place as a percentage of kills in entire the game.
 B = Kills by you in this place as a percentage of kills by you in the entire game.
 C = Kills by friends in this place as a percentage of kills by friends in the entire game.
 D = Other kills in this place as a percentage of other kills in the entire game.
 E = Experience gained in this place as a percentage of experience gained in the entire game.
 F = Experience gained in this place divided by the number of levels of this place that you have seen.
                   A       B       C       D       E      F
               +-------+-------+-------+-------+-------+----------------------
         Total | 100.0 | 100.0 |   N/A |   N/A | 100.0 |   8.5
       Dungeon | 100.0 | 100.0 |   N/A |   N/A | 100.0 |   8.5
               +-------+-------+-------+-------+-------+----------------------
